 Dungeon Crawl Stone Soup version 0.29-a0-617-g7a6b98fccd (webtiles) character file.

Game seed: 12701091734147410182

88 Kaemin the Digger (level 4, -2/39 HPs)
             Began as a Troll Earth Elementalist on June 18, 2022.
             Was a Follower of Sif Muna.
             Slain by a gnoll
             ... wielding a +0 spear
              (7 damage)
             ... on level 2 of the Dungeon.
             The game lasted 00:14:34 (1248 turns).

Kaemin the Digger (Troll Earth Elementalist)        Turns: 1248, Time: 00:14:34

Health: -2/39      AC:  4    Str: 18    XL:     4   Next: 29%
Magic:  3/5        EV: 10    Int: 11    God:    Sif Muna [*.....]
Gold:   148        SH:  0    Dex: 10    Spells: 3/6 levels left

rFire   . . .      SeeInvis .     - Unarmed
rCold   . . .      Faith    .   (no shield)
rNeg    . . .      Spirit   .   a - +0 robe
rPois   .          Reflect  .   (helmet restricted)
rElec   .          Harm     .   (no cloak)
rCorr   .          Rampage  .   (gloves unavailable)
Will    .....                   (boots unavailable)
Stlth   +.........              (no amulet)
HPRegen 0.93/turn               (no ring)
MPRegen 0.09/turn               (no ring)

@: flying
A: large, unfitting armour, claws 3, regeneration 1, shaggy fur 1, tough skin 1
a: Renounce Religion, Channel Magic


You were on level 2 of the Dungeon.
You worshipped Sif Muna.
Sif Muna was aware of your devotion.
You visited 1 branch of the dungeon, and saw 4 of its levels.

You collected 148 gold pieces.

Inventory:

Hand Weapons
 d - a +0 short sword
Missiles
 q - 4 boomerangs
Armour
 a - a +0 robe (worn)
 c - a +0 robe
 j - a +0 ring mail
 s - a +0 leather armour
Jewellery
 i - a ring of wizardry
Scrolls
 e - 2 scrolls of silence {unknown}
 f - 2 scrolls of identify {unknown}
 h - a scroll of teleportation {unknown}
 l - a scroll of immolation {unknown}
 o - 2 scrolls of enchant weapon {unknown}
 p - 2 scrolls of poison {unknown}
 t - a scroll of vulnerability {unknown}
Potions
 b - a potion of magic
 g - a potion of curing {unknown}
 k - 2 potions of invisibility {unknown}
 n - a potion of might {unknown}
 r - a potion of brilliance {unknown}
 u - a potion of attraction {unknown}


   Skills:
 + Level 0.1 Fighting
 + Level 1.9 Dodging
 + Level 1.2 Stealth
 + Level 1.7 Unarmed Combat
 + Level 1.8 Spellcasting
 + Level 0.6 Transmutations
 + Level 3.2 Earth Magic


You had 3 spell levels left.
You knew the following spells:

 Your Spells              Type           Power      Damage    Failure   Level
a - Sandblast             Erth           16%        2d6       8%          1
b - Passwall              Tmut/Erth      4%         N/A       21%         2

Your spell library contained the following spells:

 Spells                   Type           Power      Damage    Failure   Level
 Stone Arrow              Conj/Erth      8%         3d7       41%         3
 Petrify                  Tmut/Erth      5%         N/A       80%         4


Dungeon Overview and Level Annotations

Branches:
Dungeon (4/15)
 Temple: D:4-7

Altars:
Sif Muna


Innate Abilities, Weirdness & Mutations

You are too large for most types of armour.
You have claws for hands.
Your natural rate of healing is unusually fast.
You are covered in fur. (AC +1)
You have tough skin. (AC +1)


Message History

You claw the quokka!
You kill the quokka!
Sif Muna accepts your kill.
A gnoll comes into view. It is wielding a +0 spear.
A gnoll is nearby!
A gnoll is nearby!
A gnoll comes into view. It is wielding a +0 flail.
Casting: Sandblast (safe; 8% risk of failure)
Confirm with . or Enter, or press ? or * to list all spells.
You don't know that spell.
You can't see any susceptible monsters within range! (Use Z to cast anyway.)
You miscast Sandblast.
You are very lightly contaminated with residual magic.
Nothing appears to happen.
The gnoll shouts!
A gnoll comes into view. It is wielding a +0 flail.
A gnoll comes into view. It is wielding a +0 club.
The blast of sand hits the gnoll.
The gnoll is moderately wounded.
The gnoll shouts! x2
The gnoll barely misses you. The gnoll closely misses you.
The gnoll hits you from afar with a +0 spear.
The gnoll hits you with a +0 spear. The gnoll hits you with a +0 flail.
You claw the gnoll!
The gnoll is almost dead.
The gnoll hits you with a +0 spear! The gnoll misses you.
The gnoll barely misses you. The gnoll attacks as you move away!
The gnoll hits you with a +0 spear. The gnoll attacks as you move away!
The gnoll hits you with a +0 flail!
* * * LOW HITPOINT WARNING * * *
The gnoll hits you from afar with a +0 spear.
* * * LOW HITPOINT WARNING * * *
Your magical contamination has completely faded away.
You are too injured to fight recklessly!
You are too injured to fight recklessly!
It was a potion of flight.
You feel very buoyant.
You fly up into the air.
The gnoll hits you from afar with a +0 spear!
You die...

##...##........# #.....####
##.....#........# #.....##..
#.......#.....### ###.......
#..........#...## #..###..
#...............## ##.##...
#...............# ####.^....
##.†.............###........#
#....................#...##..
#...........@g..#.###........
#..........#.g...............
##.....######g.....###.......
##...####.....##..##....)...
#...........................
#...........................
#....>...##.........###.....
####..##.........#..........
####.####........#.######...


You could see 3 gnolls.

Vanquished Creatures
  4 adders
  2 dart slugs
  4 ball pythons
  3 endoplasms (D:2)
  3 giant cockroaches
  6 goblins
  6 hobgoblins
  2 quokkas
  2 bats (D:1)
  3 frilled lizards (D:1)
  9 kobolds
  5 rats
49 creatures vanquished.

Notes
Turn   | Place    | Note
-------+----------+-------------------------------------------
     0 | D:1      | Kaemin the Troll Earth Elementalist began the quest for the
                  | Orb.
     0 | D:1      | Reached XP level 1. HP: 16/16 MP: 1/1
   239 | D:1      | Reached XP level 2. HP: 23/24 MP: 2/2
   280 | D:1      | Reached skill level 3 in Earth Magic
   537 | D:1      | Reached XP level 3. HP: 31/31 MP: 2/4
   808 | D:2      | Found a faded altar of an unknown god.
   815 | D:2      | Prayed at the altar of an unknown god.
   815 | D:2      | Became a worshipper of Sif Muna the Loreminder
   815 | D:2      | Reached * piety under Sif Muna
   821 | D:2      | Learned a level 2 spell: Passwall
   828 | D:2      | You fall into a shaft and drop 2 floors!
   980 | D:2      | Reached skill level 1 in Unarmed Combat
   998 | D:2      | Reached XP level 4. HP: 33/39 MP: 2/5
  1248 | D:2      | Slain by a gnoll

Illustrated notes

Levels and vault maps discovered:
D:1:      minmay_arrival_stair_chambers, layout_basic, minmay_cupped
D:2:      layout_rooms, ebering_ecumenical_altar_hall, kennysheep_jessica_study
D:3:      layout_loops_ring, minmay_misc_feat_alley, grunt_ministairs_11,
          minmay_misc_feat_tower, nrook_campfire
D:4:      layout_cave_pools, minmay_temple_entry_tees

Skill      XL: |  1  2  3 |
---------------+----------+-----
Earth Magic    | 3 |  3.2
Unarmed Combat | 1 |  1.7
Fighting       | |  0.1
Dodging        | |  1.9
Stealth        | |  1.2
Spellcasting   | |  1.8
Transmutations | |  0.6

Action                   |  1- 3 |  4- 6 || total
-------------------------+-------+-------++-------
Melee: Unarmed           |    71 |    30 ||   101
       Punch             |     1 |       ||     1
 Cast: Sandblast         |    20 |     2 ||    22
  Use: Potion            |       |     1 ||     1
 Stab: Sleeping          |     1 |       ||     1
Armor: Robe              |    19 |     9 ||    28
Dodge: Dodged            |    34 |    19 ||    53

Table legend: (Time is in decaauts)
 A = Elapsed time spent in this place.
 B = Non-inter-level travel time spent in this place.
 C = Inter-level travel time spent in this place.
 D = Time resting spent in this place.
 E = Time spent auto-exploring this place.
 F = Levels seen in this place.
 G = Mean time per level.
                   A        B        C        D        E       F      G
               +--------+--------+--------+--------+--------+-----+--------+
         Total |   1270 |    873 |    397 |      0 |    560 |   4 |  317.5 |
       Dungeon |   1270 |    873 |    397 |      0 |    560 |   4 |  317.5 |
               +--------+--------+--------+--------+--------+-----+--------+

Top non-repeatable levels by time:
     D:1: 787 daAuts
     D:2: 371 daAuts
     D:4: 83 daAuts
     D:3: 26 daAuts
